[Event "ICCopen2017"]
[Site "Internet Chess Club"]
[Date "2017.03.19"]
[Round "5"]
[White "GYMEJR"]
[Black "Oracle"]
[Result "1-0"]
[ICCResult "Black checkmated"]
[WhiteElo "1562"]
[BlackElo "1377"]
[Opening "Queen's pawn, Mason variation"]
[ECO "D00"]
[NIC "QP.08"]
[Time "19:59:26"]
[TimeControl "180+0"]

1. d4 d5 2. Bf4 Bf5 3. e3 e6 4. Bd3 Bg6 5. h4 Nf6 6. h5 Bxh5 7. Rxh5 Nxh5 8.
Qxh5 Nd7 9. Nf3 Qe7 10. Bg5 Qb4+ 11. Nbd2 Qxb2 12. Rb1 Qxa2 13. Rxb7 Rc8 14.
Ke2 Nb6 15. Ne5 g6 16. Nxg6 fxg6 17. Bxg6+ Kd7 18. Bd3 Bb4 19. Bb5+ Kd6 20.
Qh2+ e5 21. Qxe5# {Black checkmated} 1-0

[Event "ICCopen2017"]
[Site "Internet Chess Club"]
[Date "2017.03.19"]
[Round "5"]
[White "Anneay"]
[Black "Ohanessian"]
[Result "1-0"]
[ICCResult "Black resigns"]
[WhiteElo "2520"]
[BlackElo "2086"]
[Opening "Alekhine's defense: exchange variation"]
[ECO "B03"]
[NIC "AL.08"]
[Time "19:59:29"]
[TimeControl "180+0"]

1. e4 Nf6 2. e5 Nd5 3. d4 d6 4. c4 Nb6 5. exd6 cxd6 6. Nc3 g6 7. Be3 Bg7 8.
Rc1 O-O 9. b3 Nc6 10. d5 Ne5 11. Be2 f5 12. f4 Ng4 13. Bxg4 fxg4 14. Nge2 e5
15. dxe6 Bxe6 16. Bd4 Qh4+ 17. g3 Qh3 18. Bxg7 Kxg7 19. Qd4+ Kg8 20. Kf2
Rad8 21. Rce1 d5 22. c5 Nc8 23. Ng1 Rxf4+ 24. Qxf4 Qh5 25. Rxe6 Rf8 26. Rf6
{Black resigns}
1-0

[Event "ICCopen2017"]
[Site "Internet Chess Club"]
[Date "2017.03.19"]
[Round "5"]
[White "Brothersinarms"]
[Black "Dabo"]
[Result "1-0"]
[ICCResult "Black resigns"]
[WhiteElo "1775"]
[BlackElo "2018"]
[Opening "Irish (Chicago) gambit"]
[ECO "C44"]
[NIC "KP.10"]
[Time "20:00:12"]
[TimeControl "180+0"]

1. e4 e5 2. Nf3 Nc6 3. Nxe5 Nxe5 4. d4 Nc6 5. Nc3 d6 6. d5 Nb8 7. Qd3 g6 8.
Be3 Bg7 9. Bd4 Bxd4 10. Qxd4 Qf6 11. Qd3 Nd7 12. O-O-O Ne7 13. g3 g5 14. f4
gxf4 15. gxf4 Qxf4+ 16. Kb1 Ne5 17. Qd4 Bg4 18. Bb5+ c6 19. Rdf1 b6 20. Rxf4
{Black resigns}
1-0

[Event "ICCopen2017"]
[Site "Internet Chess Club"]
[Date "2017.03.19"]
[Round "5"]
[White "markovichgoran"]
[Black "Paganini2"]
[Result "1-0"]
[ICCResult "Black resigns"]
[WhiteElo "2376"]
[BlackElo "1438"]
[Opening "Sicilian: Nimzovich-Rossolimo attack (without ...d6)"]
[ECO "B30"]
[NIC "SI.31"]
[Time "20:00:04"]
[TimeControl "180+0"]

1. e4 c5 2. Nf3 Nc6 3. Bb5 a6 4. Bxc6 bxc6 5. O-O e6 6. Re1 d6 7. d4 Be7 8.
Nc3 cxd4 9. Nxd4 c5 10. Nc6 Qc7 11. Nxe7 Nxe7 12. Bf4 e5 13. Bg5 f6 14. Be3
Be6 15. b3 O-O 16. Qd2 f5 17. exf5 Nxf5 18. Rad1 Nxe3 19. Rxe3 d5 20. Nxd5
Bxd5 21. Qxd5+ Kh8 22. Qxe5 Qf7 23. Rf3 Qe8 24. Rxf8+ Qxf8 25. Qd6 Qxd6 26.
Rxd6 Re8 27. Kf1 g6 28. Rxa6 {Black resigns} 1-0

[Event "ICCopen2017"]
[Site "Internet Chess Club"]
[Date "2017.03.19"]
[Round "5"]
[White "findles"]
[Black "WoodPushkin"]
[Result "1-0"]
[ICCResult "Black resigns"]
[WhiteElo "1834"]
[BlackElo "1621"]
[Opening "Scandinavian (center counter) defense"]
[ECO "B01"]
[NIC "SD.02"]
[Time "20:00:37"]
[TimeControl "180+0"]

1. e4 d5 2. exd5 Qxd5 3. Nc3 Qd8 4. d4 c6 5. Bf4 e6 6. Nf3 Bd6 7. Qd2 Nf6 8.
O-O-O Qc7 9. Bg3 Nbd7 10. Kb1 a6 11. Bd3 Bb4 12. Bxc7 {Black resigns} 1-0

[Event "ICCopen2017"]
[Site "Internet Chess Club"]
[Date "2017.03.19"]
[Round "5"]
[White "Attalus"]
[Black "glokoll"]
[Result "0-1"]
[ICCResult "White resigns"]
[WhiteElo "1345"]
[BlackElo "1511"]
[Opening "Modern defense"]
[ECO "A40"]
[NIC "QO.17"]
[Time "20:00:17"]
[TimeControl "180+0"]

1. d4 g6 2. Bf4 Bg7 3. e3 d5 4. Bd3 f5 5. c3 Nf6 6. Nd2 O-O 7. Ngf3 Ne4 8.
O-O h6 9. Be5 Nf6 10. Nh4 Kh7 11. f4 Nc6 12. h3 e6 13. Rf3 Ne4 14. Qe1 Nxe5
15. dxe5 g5 16. fxg5 hxg5 17. Bxe4 dxe4 18. Rf2 gxh4 19. Re2 Bh6 20. Qxh4
Qxh4 21. Rf1 Rg8 22. Ref2 Qg3 23. Kh1 Bxe3 {White resigns} 0-1

[Event "ICCopen2017"]
[Site "Internet Chess Club"]
[Date "2017.03.19"]
[Round "5"]
[White "F83"]
[Black "GreyWarden"]
[Result "1-0"]
[ICCResult "Black resigns"]
[WhiteElo "1774"]
[BlackElo "1996"]
[Opening "Four knights: Scotch, 4...exd4"]
[ECO "C47"]
[NIC "KP.06"]
[Time "19:59:35"]
[TimeControl "180+0"]

1. e4 e5 2. Nf3 Nc6 3. Nc3 Nf6 4. d4 exd4 5. Nxd4 Bb4 6. Nxc6 bxc6 7. Bd3 d5
8. exd5 cxd5 9. O-O O-O 10. h3 c6 11. Qf3 Re8 12. Bf4 Bxc3 13. bxc3 Ne4 14.
Rfe1 Bf5 15. c4 Bg6 16. cxd5 cxd5 17. c4 Ng5 18. Rxe8+ Qxe8 19. Bxg5 dxc4
20. Bxc4 Rc8 21. Rc1 Qe5 22. Bxf7+ Bxf7 23. Rxc8+ Be8 24. Qb3+ Kf8 25. Be3
Qe4 26. Bc5+ {Black resigns} 1-0

[Event "ICCopen2017"]
[Site "Internet Chess Club"]
[Date "2017.03.19"]
[Round "5"]
[White "KnightHopper"]
[Black "FytinFrank"]
[Result "0-1"]
[ICCResult "White resigns"]
[WhiteElo "1571"]
[BlackElo "1859"]
[Opening "QP counter-gambit (elephant gambit)"]
[ECO "C40"]
[NIC "KP.10"]
[Time "20:00:11"]
[TimeControl "180+0"]

1. e4 e5 2. Nf3 d5 3. Nxe5 dxe4 4. Nc3 Qd4 5. f4 Bc5 6. Qe2 Nf6 7. g3 Nbd7
8. Nxd7 Bxd7 9. Bg2 Bg4 10. Qf1 O-O-O 11. h3 Bd7 12. Qe2 Rhe8 13. b3 Bb5 14.
Nxb5 Qxa1 15. Qd1 e3 16. d3 e2 17. Qd2 Be3 18. Qxe3 Rxe3 {White resigns} 0-1

[Event "ICCopen2017"]
[Site "Internet Chess Club"]
[Date "2017.03.19"]
[Round "5"]
[White "Chamanx"]
[Black "MiodragJevtic"]
[Result "0-1"]
[ICCResult "White checkmated"]
[WhiteElo "1296"]
[BlackElo "1819"]
[Opening "Ruy Lopez: Cozio defense"]
[ECO "C60"]
[NIC "RL.04"]
[Time "19:59:47"]
[TimeControl "180+0"]

1. e4 e5 2. Nf3 Nc6 3. Bb5 Nge7 4. O-O d6 5. d4 Bd7 6. Bxc6 Nxc6 7. d5 Ne7
8. Nc3 Ng6 9. Bg5 Be7 10. Bxe7 Qxe7 11. Nd2 Qg5 12. Nf3 Qf6 13. Ne2 h5 14.
Ng3 h4 15. Nf5 Bxf5 16. exf5 Qxf5 17. Qd3 Qf6 18. Nd2 Nf4 19. Ne4 Qg6 20.
Qb5+ Kf8 21. g3 Nh3+ 22. Kg2 Qxe4+ 23. f3 Qxc2+ 24. Kh1 hxg3 25. Rac1 g2#
{White checkmated}
0-1

[Event "ICCopen2017"]
[Site "Internet Chess Club"]
[Date "2017.03.19"]
[Round "5"]
[White "DaGame"]
[Black "Darnoc"]
[Result "0-1"]
[ICCResult "White resigns"]
[WhiteElo "2742"]
[BlackElo "2968"]
[Opening "Réti: King's Indian attack, Keres variation"]
[ECO "A07"]
[NIC "QP.09"]
[Time "20:00:40"]
[TimeControl "180+0"]

1. Nf3 d5 2. g3 Bg4 3. Bg2 Nd7 4. c4 e6 5. O-O Ngf6 6. cxd5 exd5 7. d3 Bd6
8. Nc3 O-O 9. Qb3 Nc5 10. Qc2 Ne6 11. Nb5 Be7 12. Ng5 c6 13. Nxe6 fxe6 14.
Nd4 e5 15. Nf3 Qd6 16. b3 Rae8 17. Bb2 Nd7 18. e4 Bxf3 {White resigns} 0-1

[Event "ICCopen2017"]
[Site "Internet Chess Club"]
[Date "2017.03.19"]
[Round "5"]
[White "schakeri"]
[Black "sravanrenjith"]
[Result "1-0"]
[ICCResult "Black resigns"]
[WhiteElo "1803"]
[BlackElo "1506"]
[Opening "English: Mikenas-Carls, Flohr variation"]
[ECO "A18"]
[NIC "EO.57"]
[Time "19:59:40"]
[TimeControl "180+0"]

1. c4 Nf6 2. Nc3 e6 3. e4 d5 4. e5 Nfd7 5. d4 dxc4 6. Bxc4 Nb6 7. Bd3 c5 8.
Nge2 Nc6 9. dxc5 Bxc5 10. O-O Nxe5 11. Bb5+ Bd7 12. Qb3 O-O 13. Rd1 Qc7 14.
Bxd7 Nexd7 15. Bf4 e5 16. Bg3 Rad8 17. Rac1 Qb8 18. Ne4 Be7 19. N2c3 Nf6 20.
Nxf6+ Bxf6 21. Ne4 Rxd1+ 22. Rxd1 Be7 23. Qf3 f6 24. h4 Rd8 25. Re1 Bb4 26.
Rf1 Be7 27. h5 Rd4 28. Qe3 Nc4 29. Qxd4 {Black resigns} 1-0

[Event "ICCopen2017"]
[Site "Internet Chess Club"]
[Date "2017.03.19"]
[Round "5"]
[White "burbur"]
[Black "BlueJ"]
[Result "1-0"]
[ICCResult "Black resigns"]
[WhiteElo "2481"]
[BlackElo "2069"]
[Opening "English: Neo-Catalan accepted"]
[ECO "A13"]
[NIC "RE.10"]
[Time "20:00:29"]
[TimeControl "180+0"]

1. Nf3 d5 2. c4 e6 3. g3 Nf6 4. Bg2 dxc4 5. Qa4+ c6 6. Qxc4 b5 7. Qc2 Bb7 8.
O-O Nbd7 9. d3 c5 10. a4 b4 11. Nbd2 Be7 12. Nc4 O-O 13. a5 a6 14. Bf4 Rc8
15. Bd6 Nd5 16. Bxe7 Qxe7 17. Rfc1 Nc7 18. d4 Nb5 19. Ng5 Qxg5 20. Bxb7 Rc7
21. Bxa6 Nxd4 22. Qd3 Ra7 23. f4 Qh5 24. Nb6 Nxe2+ 25. Qxe2 Qxe2 26. Bxe2
Nxb6 27. axb6 Rb7 28. Ra6 {Black resigns} 1-0

[Event "ICCopen2017"]
[Site "Internet Chess Club"]
[Date "2017.03.19"]
[Round "5"]
[White "Eliezer"]
[Black "ramezsamir"]
[Result "0-1"]
[ICCResult "White forfeits on time"]
[WhiteElo "1506"]
[BlackElo "1980"]
[Opening "French: Steinitz attack"]
[ECO "C00"]
[NIC "FR.01"]
[Time "19:59:32"]
[TimeControl "180+0"]

1. e4 e6 2. e5 d5 3. exd6 cxd6 4. Nf3 d5 5. Be2 Nf6 6. O-O Nc6 7. h3 Bd6 8.
d4 O-O 9. c3 e5 10. Bg5 h6 11. Bxf6 Qxf6 12. dxe5 Nxe5 13. Nxe5 Qxe5 14. f4
Qe3+ 15. Kh1 Bxh3 16. Rf3 Bxg2+ 17. Kxg2 Qe6 18. Nd2 Rfe8 19. Bd3 Qg4+ 20.
Kf2 Bc5+ 21. Re3 Bxe3+ {White forfeits on time} 0-1

[Event "ICCopen2017"]
[Site "Internet Chess Club"]
[Date "2017.03.19"]
[Round "5"]
[White "Sc6"]
[Black "UkeCat"]
[Result "1-0"]
[ICCResult "Black resigns"]
[WhiteElo "1584"]
[BlackElo "1119"]
[Opening "Philidor's defense"]
[ECO "C41"]
[NIC "KP.10"]
[Time "19:59:24"]
[TimeControl "180+0"]

1. e4 e5 2. Nf3 d6 3. Bc4 Nf6 4. Ng5 d5 5. exd5 Bd6 6. d3 Bg4 7. f3 Bh5 8.
O-O h6 9. Ne4 Nbd7 10. Qe1 Bg6 11. Nbc3 a6 12. Qh4 Be7 13. Nxf6+ Bxf6 14.
Qg3 O-O 15. Bd2 b5 16. Bb3 Nc5 17. Ne4 Nxb3 18. axb3 Re8 19. Nxf6+ Qxf6 20.
Rfe1 Qd6 21. Bc3 f6 22. f4 Bh7 23. fxe5 fxe5 24. Rxe5 Qg6 25. Qe3 Rxe5 26.
Qxe5 Qf6 27. Re1 Qxe5 28. Rxe5 Rf8 29. Re7 g5 30. Rg7+ Kh8 31. Rxg5+
{Black resigns}
1-0

[Event "ICCopen2017"]
[Site "Internet Chess Club"]
[Date "2017.03.19"]
[Round "5"]
[White "kathmales"]
[Black "Kronus"]
[Result "1-0"]
[ICCResult "Black checkmated"]
[WhiteElo "2242"]
[BlackElo "1567"]
[Opening "Petrov: Nimzovich attack"]
[ECO "C42"]
[NIC "RG.03"]
[Time "19:59:34"]
[TimeControl "180+0"]

1. e4 e5 2. Nf3 Nf6 3. Nxe5 d6 4. Nf3 Nxe4 5. Nc3 Nf6 6. d4 d5 7. Bd3 Bg4 8.
h3 Bh5 9. Bf4 Bd6 10. Qd2 Nc6 11. g4 Bg6 12. O-O-O O-O 13. Bxg6 fxg6 14. Ne5
Ne4 15. Nxe4 dxe4 16. Qe3 Qf6 17. Bg5 Qxf2 18. Qxe4 Rae8 19. Qd5+ Kh8 20.
Nxc6 bxc6 21. Qxc6 Re2 22. Kb1 Rb8 23. Rhf1 Qg2 24. Qc3 Bb4 25. Qxb4 Rbe8
26. Qf8+ Rxf8 27. Rxf8# {Black checkmated} 1-0

[Event "ICCopen2017"]
[Site "Internet Chess Club"]
[Date "2017.03.19"]
[Round "5"]
[White "TaijiChess22"]
[Black "manusupergm2001"]
[Result "0-1"]
[ICCResult "White resigns"]
[WhiteElo "1771"]
[BlackElo "2107"]
[Opening "Sicilian: Labourdonnais-Löwenthal (Kalashnikov) variation"]
[ECO "B32"]
[NIC "SI.32"]
[Time "19:59:27"]
[TimeControl "180+0"]

1. e4 c5 2. Nf3 Nc6 3. d4 cxd4 4. Nxd4 e5 5. Nb5 d6 6. N1c3 a6 7. Na3 Be6 8.
Bc4 Nf6 9. Bd5 Rc8 10. O-O Be7 11. f3 O-O 12. Kh1 Qa5 13. Nc4 Qc7 14. Be3
Bxd5 15. Nxd5 Nxd5 16. exd5 Nb4 17. Na3 Nxc2 18. Rc1 Nxe3 19. Rxc7 Nxd1 20.
Rxe7 Nxb2 21. Rxb7 Na4 22. Rb4 Nc3 23. Rb6 Rfd8 24. Rxa6 Nxd5 25. Nb5 Ne3
26. Rg1 d5 27. a4 d4 28. Ra7 d3 {White resigns} 0-1

[Event "ICCopen2017"]
[Site "Internet Chess Club"]
[Date "2017.03.19"]
[Round "5"]
[White "Magagna"]
[Black "Bojack"]
[Result "0-1"]
[ICCResult "White resigns"]
[WhiteElo "1592"]
[BlackElo "1862"]
[Opening "Queen's Indian defense"]
[ECO "A47"]
[NIC "QP.06"]
[Time "20:00:19"]
[TimeControl "180+0"]

1. d4 Nf6 2. Nf3 b6 3. Bf4 Bb7 4. e3 d6 5. Nbd2 Nbd7 6. Bd3 g6 7. O-O Bg7 8.
Re1 O-O 9. c3 Re8 10. e4 Nh5 11. Bg3 Nxg3 12. hxg3 e5 13. dxe5 Nxe5 14. Nxe5
Rxe5 15. Nf3 Rh5 16. Qb3 Be5 17. Re2 Qf6 18. Rae1 Re8 19. Bc4 Bc8 20. Qa4
Re7 21. Qxa7 Bg4 22. Re3 Rh6 23. Qa8+ Kg7 24. a4 Bxf3 25. Rxf3 Qg5 26. Qd5
Bf6 27. Ree3 Qh5 28. e5 {White resigns} 0-1

[Event "ICCopen2017"]
[Site "Internet Chess Club"]
[Date "2017.03.19"]
[Round "5"]
[White "Chaos23"]
[Black "croder"]
[Result "1-0"]
[ICCResult "Black checkmated"]
[WhiteElo "1891"]
[BlackElo "1576"]
[Opening "Lengfellner system"]
[ECO "B07"]
[NIC "VO.17"]
[Time "20:00:49"]
[TimeControl "180+0"]

1. e4 d6 2. d4 e6 3. c4 Nf6 4. Nc3 Be7 5. f4 c6 6. Nf3 O-O 7. Bd3 Re8 8. O-O
Nbd7 9. e5 dxe5 10. fxe5 Nh5 11. g4 Nhf6 12. exf6 Nxf6 13. g5 Nd7 14. h4 Nf8
15. Be3 a6 16. Qe2 Bd7 17. Rad1 Qc8 18. Bc2 b5 19. c5 Qb7 20. Qg2 Rab8 21.
Ne5 f6 22. gxf6 Bxf6 23. Rxf6 Re7 24. Rdf1 b4 25. Ne4 Rbe8 26. Nd6 Qb8 27.
Nxe8 Qxe8 28. Rxf8+ Qxf8 29. Bxh7+ Kxh7 30. Rxf8 a5 31. Qg6# {Black
checkmated} 1-0

[Event "ICCopen2017"]
[Site "Internet Chess Club"]
[Date "2017.03.19"]
[Round "5"]
[White "leonardoalmeida"]
[Black "MichailovM"]
[Result "1-0"]
[ICCResult "Black checkmated"]
[WhiteElo "1810"]
[BlackElo "2168"]
[Opening "Van't Kruijs opening"]
[ECO "A00"]
[Time "20:01:04"]
[TimeControl "180+0"]

1. e3 e5 2. b3 d6 3. Bb2 f5 4. d4 e4 5. d5 Nf6 6. c4 Be7 7. Ne2 O-O 8. Nbc3
Nbd7 9. Nd4 Ne5 10. Be2 c6 11. dxc6 bxc6 12. Rc1 a5 13. Na4 Bd7 14. O-O Rb8
15. Bc3 g5 16. g3 Ng6 17. Ba1 f4 18. exf4 gxf4 19. Bh5 f3 20. Bxg6 hxg6 21.
Re1 Qc8 22. Qd2 Rf7 23. Qh6 c5 24. Nb5 Rh7 25. Qxg6+ Rg7 26. Qh6 Ng4 27.
Qxg7# {Black checkmated} 1-0

[Event "ICCopen2017"]
[Site "Internet Chess Club"]
[Date "2017.03.19"]
[Round "5"]
[White "jcgs1030"]
[Black "BoldPlan"]
[Result "1-0"]
[ICCResult "Black checkmated"]
[WhiteElo "1967"]
[BlackElo "1806"]
[Opening "Petrov three knights game"]
[ECO "C26"]
[NIC "AL.10"]
[Time "20:00:12"]
[TimeControl "180+0"]

1. e4 Nf6 2. Nc3 e5 3. Nf3 Bc5 4. Nxe5 Bd4 5. Nf3 Bxc3 6. dxc3 Nxe4 7. Bd3
d5 8. Bxe4 dxe4 9. Qxd8+ Kxd8 10. Ng5 Ke7 11. Nxe4 Re8 12. O-O Bf5 13. Nc5
Nd7 14. Nxb7 Bxc2 15. b3 Be4 16. Ba3+ Kf6 17. Nc5 Nxc5 18. Bxc5 a5 19. Rad1
Rad8 20. f3 Bd3 21. Rfe1 Rxe1+ 22. Rxe1 Rd5 23. Bd4+ Kg6 24. Re7 c5 25. Be3
Bb1 26. a3 Rd3 27. Bxc5 Rxc3 28. b4 axb4 29. axb4 f5 30. Rxg7+ Kh6 31. Rg8
f4 32. Bd6 Rc4 33. g4 Bd3 34. Bf8# {Black checkmated} 1-0

[Event "ICCopen2017"]
[Site "Internet Chess Club"]
[Date "2017.03.19"]
[Round "5"]
[White "UnderArmour"]
[Black "arnav311004"]
[Result "1-0"]
[ICCResult "Black resigns"]
[WhiteElo "1901"]
[BlackElo "1597"]
[Opening "Sicilian, Chekhover variation"]
[ECO "B53"]
[NIC "SI.02"]
[Time "20:00:24"]
[TimeControl "180+0"]

1. e4 c5 2. Nf3 d6 3. d4 cxd4 4. Qxd4 a6 5. Be3 Nc6 6. Qb6 Qxb6 7. Bxb6 Nf6
8. Nc3 e6 9. O-O-O Be7 10. h3 O-O 11. Bc4 Nd7 12. Bc7 b5 13. Bb3 Bb7 14.
Bxd6 Bxd6 15. Rxd6 Nc5 16. Rhd1 Rac8 17. Kb1 Na5 18. e5 Naxb3 19. axb3 b4
20. Na4 Ne4 21. Nb6 Nxd6 22. exd6 Rc6 23. Ne5 Rxb6 24. Nd7 Rc6 25. Nxf8 Rxd6
26. Rxd6 Kxf8 27. f3 a5 28. Rb6 Bc8 29. Rb8 {Black resigns} 1-0

[Event "ICCopen2017"]
[Site "Internet Chess Club"]
[Date "2017.03.19"]
[Round "5"]
[White "AlirezaFirouzja"]
[Black "rencoroso"]
[Result "1-0"]
[ICCResult "Black resigns"]
[WhiteElo "2594"]
[BlackElo "2102"]
[Opening "Benkö gambit half accepted"]
[ECO "A57"]
[NIC "BI.45"]
[Time "20:00:26"]
[TimeControl "180+0"]

1. d4 Nf6 2. c4 c5 3. d5 b5 4. cxb5 a6 5. b6 d6 6. Nc3 Qxb6 7. Nf3 g6 8. g3
Bg7 9. Bg2 O-O 10. O-O Nbd7 11. Nd2 a5 12. Nc4 Qb8 13. Bd2 Ba6 14. b3 Nb6
15. Nxb6 Qxb6 16. Rc1 Rfc8 17. Na4 Qb5 18. Re1 c4 19. bxc4 Rxc4 20. Rxc4
Qxc4 21. Nb6 Qc7 22. Nxa8 Qa7 23. Qa4 Qxa8 24. Qxa5 Ng4 25. Rc1 Bd4 26. e3
Bc5 27. Rxc5 dxc5 28. d6 Qb7 29. Bxb7 {Black resigns} 1-0

[Event "ICCopen2017"]
[Site "Internet Chess Club"]
[Date "2017.03.19"]
[Round "5"]
[White "Federicov"]
[Black "RobbieWilliams"]
[Result "1-0"]
[ICCResult "Black resigns"]
[WhiteElo "3078"]
[BlackElo "1825"]
[Opening "Nimzovich-Larsen attack: classical variation"]
[ECO "A01"]
[NIC "VO.08"]
[Time "20:01:34"]
[TimeControl "180+0"]

1. b3 d5 2. Bb2 e6 3. e3 f5 4. g4 Nf6 5. g5 Ne4 6. h4 Bd6 7. d3 Nxg5 8. hxg5
Qxg5 9. Nf3 Qg4 10. Rg1 Qh5 11. Rxg7 Rf8 12. Ng5 Qh6 13. Nxh7 Rf7 14. Nf6+
Rxf6 15. Bxf6 Qxf6 16. Qh5+ Kd8 17. Rg8+ Bf8 18. Qh8 Nd7 19. Qxf6+ Nxf6 20.
Rxf8+ Ke7 21. Rh8 {Black resigns} 1-0

[Event "ICCopen2017"]
[Site "Internet Chess Club"]
[Date "2017.03.19"]
[Round "5"]
[White "Fischerboy"]
[Black "TheLlamaLord"]
[Result "0-1"]
[ICCResult "White resigns"]
[WhiteElo "1595"]
[BlackElo "1815"]
[Opening "Caro-Kann defense"]
[ECO "B10"]
[NIC "CK.01"]
[Time "19:59:55"]
[TimeControl "180+0"]

1. e4 c6 2. Nf3 d5 3. exd5 cxd5 4. d4 Nf6 5. c4 Nc6 6. Nc3 Bg4 7. cxd5 Nxd5
8. Be2 e6 9. O-O Be7 10. h3 Bh5 11. Be3 O-O 12. Ne5 Bxe2 13. Nxe2 Nxe5 14.
dxe5 Nxe3 15. fxe3 Qb6 16. Nd4 Rfd8 17. b3 Bg5 18. Qf3 Bxe3+ 19. Qxe3 Qxd4
20. Qxd4 Rxd4 21. Rac1 Rd7 22. Rc4 Kf8 23. Rfc1 Rad8 24. Kh2 Ke7 25. b4 Rd5
26. Rc7+ R8d7 27. Rxd7+ Kxd7 28. Re1 Rd2 29. a3 Rc2 30. Re3 Ke7 31. Kg3 f6
32. exf6+ gxf6 33. Kf3 e5 34. g3 Ke6 35. h4 f5 36. Rd3 e4+ {White resigns}
0-1

[Event "ICCopen2017"]
[Site "Internet Chess Club"]
[Date "2017.03.19"]
[Round "5"]
[White "BryanL"]
[Black "ontheprowl"]
[Result "1-0"]
[ICCResult "Black resigns"]
[WhiteElo "1996"]
[BlackElo "1534"]
[Opening "two knights defense: Fritz variation"]
[ECO "C57"]
[NIC "KP.01"]
[Time "19:59:54"]
[TimeControl "180+0"]

1. e4 e5 2. Nf3 Nc6 3. Bc4 Nf6 4. Ng5 d5 5. exd5 Nd4 6. c3 b5 7. Bf1 Nxd5 8.
cxd4 Qxg5 9. Bxb5+ Kd8 10. O-O Rb8 11. Bc6 exd4 12. Qf3 Be6 13. d3 Qe5 14.
Bd2 Nb4 15. Re1 Qf5 16. Qxf5 Nxc6 17. Rxe6 fxe6 18. Qxe6 Ne7 19. b3 Rb6 20.
Qe4 h6 21. Na3 Nc6 22. Nc4 Rb5 23. Qxc6 Rf5 24. Re1 Be7 25. Qa8+ Kd7 26.
Qxh8 Rf8 27. Rxe7+ Kxe7 28. Qxg7+ Rf7 29. Qxh6 Rf6 30. Bg5 {Black resigns}
1-0

[Event "ICCopen2017"]
[Site "Internet Chess Club"]
[Date "2017.03.19"]
[Round "5"]
[White "jefferyx"]
[Black "mvillalba"]
[Result "1-0"]
[ICCResult "Black resigns"]
[WhiteElo "2668"]
[BlackElo "2154"]
[Opening "Queen's pawn: London system"]
[ECO "A45"]
[NIC "QP.07"]
[Time "19:59:43"]
[TimeControl "180+0"]

1. d4 Nf6 2. Bf4 g6 3. Nc3 d5 4. Qd2 Bg7 5. Bh6 O-O 6. h4 c5 7. Bxg7 Kxg7 8.
e3 Nc6 9. dxc5 h5 10. O-O-O Qa5 11. Bb5 Bf5 12. Nge2 e5 13. Ng3 Be6 14. Nge2
Rfd8 15. Bxc6 bxc6 16. f4 d4 17. exd4 exd4 18. Nxd4 Bg4 19. Nxc6 Rxd2 20.
Nxa5 Rxg2 21. Rd2 Rxd2 22. Kxd2 Rd8+ 23. Ke3 Bf5 24. Nc6 Rc8 25. Ne7 Rxc5
26. Kd4 Ra5 27. b4 Ra3 28. Nxf5+ gxf5 29. Rg1+ Ng4 30. Re1 Kf6 31. Kc4 Ra6
32. b5 Rb6 33. Nd5+ {Black resigns} 1-0

[Event "ICCopen2017"]
[Site "Internet Chess Club"]
[Date "2017.03.19"]
[Round "5"]
[White "Dewey"]
[Black "iragefree"]
[Result "0-1"]
[ICCResult "White resigns"]
[WhiteElo "1397"]
[BlackElo "1629"]
[Opening "English: symmetrical, four knights system"]
[ECO "A35"]
[NIC "EO.64"]
[Time "20:00:41"]
[TimeControl "180+0"]

1. c4 c5 2. Nc3 Nc6 3. Nf3 Nf6 4. e3 g6 5. d3 Bg7 6. Be2 O-O 7. Bd2 d5 8.
cxd5 Nxd5 9. Nxd5 Qxd5 10. Bc3 e5 11. e4 Qd6 12. Qc2 b5 13. a3 Be6 14. O-O
a5 15. b3 b4 16. axb4 axb4 17. Bb2 Na5 18. Rfc1 Nxb3 19. Rxa8 Rxa8 20. Rb1
Ra2 21. Nd2 Nd4 22. Qd1 Bh6 23. Nc4 Bxc4 24. dxc4 Qf6 25. Bxd4 exd4 26. f3
Be3+ 27. Kf1 Qh4 28. Qe1 Qxh2 {White resigns} 0-1

[Event "ICCopen2017"]
[Site "Internet Chess Club"]
[Date "2017.03.19"]
[Round "5"]
[White "zelog"]
[Black "refid"]
[Result "1-0"]
[ICCResult "Black resigns"]
[WhiteElo "2050"]
[BlackElo "1781"]
[Opening "English, 1...Nf6 (Anglo-Indian defense)"]
[ECO "A15"]
[NIC "EO.13"]
[Time "19:59:27"]
[TimeControl "180+0"]

1. c4 Nf6 2. g3 g6 3. Bg2 Bg7 4. Nf3 d6 5. O-O O-O 6. d3 e5 7. Nc3 Nc6 8.
Rb1 a5 9. a3 Be6 10. b4 axb4 11. axb4 h6 12. b5 Ne7 13. Nd2 Rb8 14. Bb2 Qd7
15. Ra1 Bh3 16. Ra7 Bxg2 17. Kxg2 Nh5 18. Qa4 f5 19. f3 g5 20. e4 g4 21.
fxg4 fxg4 22. Qd1 Ng6 23. Nd5 Rxf1 24. Nxf1 Nhf4+ 25. gxf4 exf4 26. Bxg7 f3+
27. Kh1 Qxg7 28. Nfe3 Qd4 29. Nxg4 Qxa7 30. Qxf3 Qa1+ 31. Kg2 Qb2+ 32. Kh3
Rf8 33. Nxh6+ Kg7 34. Nf5+ Rxf5 35. exf5 Ne5 36. f6+ Kf7 37. Qh5+ Ke6 38.
Qe8+ Kf5 39. f7 Nxf7 40. Qxf7+ Kg5 41. Qf6+ Qxf6 42. Nxf6 Kxf6 43. Kg4 Ke5
44. h4 c6 45. bxc6 bxc6 46. Kg5 d5 47. cxd5 c5 48. h5 Kd6 49. h6 c4 50. dxc4
Kd7 51. h7 {Black resigns} 1-0

[Event "ICCopen2017"]
[Site "Internet Chess Club"]
[Date "2017.03.19"]
[Round "5"]
[White "Fioro"]
[Black "JUGGERNOT"]
[Result "0-1"]
[ICCResult "White resigns"]
[WhiteElo "2214"]
[BlackElo "1761"]
[Opening "Scandinavian: Marshall variation"]
[ECO "B01"]
[NIC "SD.03"]
[Time "20:00:47"]
[TimeControl "180+0"]

1. e4 d5 2. exd5 Nf6 3. d4 Nxd5 4. c4 Nf6 5. Nc3 Bg4 6. f3 Bf5 7. Be3 c6 8.
Bd3 Bxd3 9. Qxd3 e6 10. Nge2 Bd6 11. O-O O-O 12. Ne4 Be7 13. Rad1 Nbd7 14.
N2c3 Qa5 15. b3 Rad8 16. Qe2 Qh5 17. Ng3 Qg6 18. Nce4 Nxe4 19. fxe4 c5 20.
d5 exd5 21. exd5 b6 22. Nf5 Bf6 23. Qf3 Ne5 24. Qh3 Ng4 25. Bc1 Rfe8 26.
Rfe1 Rxe1+ 27. Rxe1 Qxf5 28. Qg3 Bd4+ 29. Kh1 Nf2+ 30. Kg1 Nd3+ 31. Kh1 Nxe1
32. Qxe1 Qf2 33. Qd1 Re8 34. Bd2 Re2 {White resigns} 0-1

[Event "ICCopen2017"]
[Site "Internet Chess Club"]
[Date "2017.03.19"]
[Round "5"]
[White "Pachec"]
[Black "DaveyJones"]
[Result "1-0"]
[ICCResult "Black forfeits on time"]
[WhiteElo "1419"]
[BlackElo "1499"]
[Opening "Queen's pawn game"]
[ECO "A46"]
[NIC "QP.06"]
[Time "20:00:05"]
[TimeControl "180+0"]

1. d4 Nf6 2. Nf3 c5 3. g3 e6 4. Bg2 d5 5. O-O Bd6 6. Nc3 O-O 7. a3 Nc6 8.
Re1 cxd4 9. Nxd4 Nxd4 10. Qxd4 e5 11. Qd1 d4 12. Nb5 Be7 13. a4 a6 14. Na3
Qc7 15. e3 dxe3 16. Bxe3 Rd8 17. Qe2 Bf5 18. c3 Bd3 19. Qd1 Be4 20. Qb3 Bxg2
21. Kxg2 Qc6+ 22. Kg1 Ng4 23. Qc4 Qf6 24. Qxg4 Rd3 25. Nc4 Rad8 26. Rad1
Rxd1 27. Rxd1 Rxd1+ 28. Qxd1 Qc6 29. Nxe5 Qe4 30. Nf3 h6 31. Bd4 f5 32. Nd2
Qe6 33. Kf1 g5 34. Qb3 {Black forfeits on time} 1-0